 Dungeon Crawl Stone Soup version 0.25.0-1-g7eea58d (webtiles) character file.

Game seed: 6310213535224767545

373 Dorkslayer the Covert (level 6, -1/41 HPs)
             Began as an Octopode Assassin on June 20, 2020.
             Slain by a gnoll
             ... wielding a +0 hand axe
              (2 damage)
             ... on level 7 of the Dungeon.
             The game lasted 00:13:01 (2778 turns).

Dorkslayer the Covert (Octopode Assassin)           Turns: 2778, Time: 00:13:02

Health: -1/41      AC:  1    Str: 12    XL:     6   Next: 71%
Magic:  9/9        EV:  9    Int: 13    God:
Gold:   194        SH:  0    Dex: 14    Spells: 9/9 levels left

rFire    . . .     SeeInvis .   a - +2 dagger
rCold    . . .     Gourm    .   (no shield)
rNeg     . . .     Faith    .   (helmet restricted)
rPois    .         Spirit   .   (no amulet)
rElec    .         Reflect  .   j - -4 ring of evasion (curse)
rCorr    .         Harm     .   (no ring)
MR       .....                  (no ring)
Stlth    +++++.....             (no ring)
HPRegen  0.13/turn              (no ring)
MPRegen  0.11/turn              (no ring)
                                (no ring)
                                (no ring)

@: no status effects
A: almost no armour, stealthy swim, amphibious, 8 rings, constrict 8, camouflage
1, gelatinous body 1
a: no special abilities


You were on level 7 of the Dungeon.
You were not hungry.

You visited 1 branch of the dungeon, and saw 5 of its levels.

You collected 194 gold pieces.

Inventory:

Hand Weapons
 a - a +2 dagger (weapon)
Missiles
 b - 7 poisoned darts
 c - a curare-tipped dart (quivered)
 l - 7 javelins
Jewellery
 j - a cursed -4 ring of evasion (left tentacle)
Wands
 i - a wand of random effects (19)
Scrolls
 f - a scroll of identify
 g - 3 scrolls of immolation
Potions
 e - a potion of stabbing {unknown}
 k - 2 potions of curing {unknown}
Comestibles
 d - 4 rations


   Skills:
 + Level 2.7 Fighting
 + Level 3.2 Short Blades
 + Level 2.7 Throwing
 + Level 1.7 Dodging
 + Level 8.1 Stealth
 + Level 2.0 Spellcasting
 * Level 0.9 Evocations


You had 9 spell levels left.
You didn't know any spells.
Your spell library was empty.

Dungeon Overview and Level Annotations

Branches:
Dungeon (4/15)
 Temple: D:4-7

Altars:
Okawaru
Qazlal

Portals:
Bailey: D:7

Annotations:
D:3 3 runed translucent doors, brinewave's ghost, amateur MiMo


Innate Abilities, Weirdness & Mutations

You cannot wear most types of armour.
You are very stealthy in the water. (Stealth+)
You are amphibious.
You can wear up to eight rings at the same time.
You can use your tentacles to constrict eight enemies at once.
Your skin changes colour to match your surroundings (Stealth+).
Your rubbery body absorbs attacks. (AC +1, EV +1)


Message History

You see here 2 potions of degeneration.
You see here 2 potions of degeneration.
You open the door. 2 goblins and 2 gnolls come into view.
Found 10 potions of degeneration.
Found a flagged portal.
Found 2 potions of degeneration.
There is an open door here.
The gnoll shouts! x2; The goblin shouts! x2
The gnoll hits you with a +0 hand axe!
You see here 2 potions of degeneration.
The goblin hits you with a +4 hand axe. The gnoll closely misses you.
The goblin hits you with a +0 hand axe. The gnoll misses you.
You hit the goblin. Your grab misses the goblin. You squeeze the goblin.
You kill the goblin!
The goblin hits you with a +4 hand axe! The gnoll hits you with a +0 hand axe.
* * * LOW HITPOINT WARNING * * *
The gnoll hits you with a +0 hand axe!
* * * LOW HITPOINT WARNING * * *
The gnoll hits you with a +0 hand axe.
You die...

.#...#.#.# #(##...
.........# #.##...
.#.###.#.# #####.#####
##.......# #..........
#####.### #.######### #.#
####### #.# #.# #.!!.!#
#.# #.# #.....####.#
#.#######..@g!'.!!.#
######<#.....#..gg.####!#
# ....##.#.#####..!!.#
#.# ####### ###.#....#
####### #.###......
.........#######$####
#.........#
###.................#
#.###.###.# #
#.##.#.#######.##.# #.#
#.# #.. ###.##.#.#
##.##.# #.# #.# #..
....##.#.######.....# #.#
#.# #..


You could see 2 gnolls and a goblin.

Vanquished Creatures
  An orc priest (D:3)
  A centaur skeleton (D:3)
  A bullfrog skeleton (D:7)
  2 iguanas (D:7)
  2 orc wizards (D:3)
  A worker ant (D:4)
  5 gnolls
  5 adders
  A worm (D:3)
  A leopard gecko (D:2)
  8 orcs
  A ball python (D:2)
  2 giant cockroaches (D:3)
  7 goblins
  4 hobgoblins
  6 jackals (D:3)
  8 kobolds
  2 quokkas
  3 bats
  3 frilled lizards
  4 rats
68 creatures vanquished.

Vanquished Creatures (others)
  An adder (D:2)
  A goblin (D:2)
  A kobold (D:2)
3 creatures vanquished.

Grand Total: 71 creatures vanquished

Notes
Turn   | Place    | Note
-------+----------+-------------------------------------------
     0 | D:1      | Dorkslayer the Octopode Assassin began the quest for the
                  | Orb.
     0 | D:1      | Reached XP level 1. HP: 14/14 MP: 1/1
   106 | D:1      | Reached XP level 2. HP: 9/19 MP: 2/2
   136 | D:1      | Reached skill level 6 in Stealth
   442 | D:2      | Reached XP level 3. HP: 12/24 MP: 2/4
   714 | D:2      | Reached skill level 1 in Spellcasting
   793 | D:2      | Reached XP level 4. HP: 11/29 MP: 5/5
  1118 | D:2      | Found a stormy altar of Qazlal.
  1135 | D:2      | Noticed an air elemental
  1137 | D:2      | Noticed a water elemental
  1139 | D:2      | Noticed an earth elemental
  1139 | D:2      | Noticed a fire elemental
  1529 | D:3      | Reached skill level 7 in Stealth
  1532 | D:3      | Found a runed translucent gate.
  1534 | D:3      | Found a runed translucent gate.
  1535 | D:3      | Found a runed translucent gate.
  1558 | D:3      | Reached XP level 5. HP: 21/35 MP: 5/7
  1616 | D:3      | Noticed brinewave's ghost (amateur MiMo)
  1869 | D:3      | Reached XP level 6. HP: 4/41 MP: 8/8
  2185 | D:4      | You fall into a shaft and drop 3 floors!
  2220 | D:7      | Reached skill level 8 in Stealth
  2235 | D:7      | Found an iron altar of Okawaru.
  2773 | D:7      | Found a flagged portal.
  2777 | D:7      | HP: 1/41 [gnoll/+0 hand axe (9)]
  2778 | D:7      | Slain by a gnoll

Illustrated notes

Levels and vault maps discovered:
D:1:      dpeg_arrival_more_subterranean_lakeside_camping, layout_rooms
D:2:      layout_loops_ring, nicolae_qazlal_style_of_elements, serial_glass,
          glass_columns_b, glass_columns_b, lemuel_flame_loot_1
D:3:      layout_rooms, ebering_ghost_rock_garden
D:4:      layout_cave_pools, serial_shops, shop_fountains
D:7:      layout_loops_corners, enter_bailey_7, okawaru_ov_weapons_minmay

Skill      XL: |  1  2  3  4  5  6 |
---------------+-------------------+-----
Stealth        | 6 7 8 |  8.1
Spellcasting   | 1 2 |  2.0
Short Blades   | 3 |  3.2
Fighting       | |  2.7
Throwing       | |  2.7
Dodging        | |  1.7
Evocations     | |  0.9

Action                   |  1- 3 |  4- 6 || total
-------------------------+-------+-------++-------
Melee: Dagger            |    42 |    94 ||   136
       Tentacles         |     7 |    22 ||    29
       Constrict         |     7 |    21 ||    28
Throw: Dart              |     8 |    12 ||    20
  Use: Scroll            |     1 |     5 ||     6
       Potion            |       |     1 ||     1
 Stab: Sleeping          |    10 |     9 ||    19
       Distracted        |       |     1 ||     1
  Eat: Ration            |       |     2 ||     2
       Chunk             |       |     1 ||     1
Armor: Skin              |     2 |     2 ||     4
Dodge: Dodged            |    15 |    39 ||    54
